 Dungeon Crawl Stone Soup version 0.27.0-1-g7a089689b8 (webtiles) character file.

Game seed: 2783086158140173251

84294 dtburroughs the Fighter (level 15, 0/208 HPs)
             Began as a Minotaur Berserker on Aug 9, 2021.
             Was a High Priest of Trog.
             Slain by a deep elf knight (10 damage)
             ... on level 14 of the Dungeon.
             The game lasted 00:57:27 (28320 turns).

dtburroughs the Fighter (Minotaur Berserker)       Turns: 28320, Time: 00:57:27

Health: 0/208      AC: 22    Str: 25    XL:     15   Next: 34%
Magic:  4/4        EV: 15    Int:  7    God:    Trog [*****.]
Gold:   871        SH:  0    Dex: 10    Spells: 14/14 levels left

rFire    + . .     SeeInvis .   O - +0 executioner's axe (antimagic)
rCold    + + .     Faith    .   (shield currently unavailable)
rNeg     . . .     Spirit   .   W - quicksilver dragon scales
rPois    +         Reflect  .   Q - +1 hat
rElec    .         Harm     .   d - scarf {rC+ rF+}
rCorr    .         Rampage  .   t - +2 pair of gloves
Will     ++...                  Y - +1 pair of boots {Stlth+}
Stlth    ..........             E - amulet of regeneration
HPRegen  1.44/turn              n - ring of the Salmon {Ice rPois Str+2}
MPRegen  0.09/turn              T - ring of protection from fire

@: berserking (expiring), very quick
A: horns 2, retaliatory headbutt, clumsy 1
a: Renounce Religion, Berserk, Trog's Hand, Brothers in Arms


You were on level 14 of the Dungeon.
You worshipped Trog.
Trog was extremely pleased with you.
You visited 2 branches of the dungeon, and saw 21 of its levels.
You visited 1 bazaar.
You also visited: Gauntlet, Ice Cave and Volcano.

You collected 1367 gold pieces.
You spent 496 gold pieces at shops.

Inventory:

Hand Weapons
 F - a +2 battleaxe of flaming
 O - a +0 antimagic executioner's axe (weapon)
Armour
 d - a scarf of resistance (worn)
 t - a +2 pair of gloves (worn)
 Q - a +1 hat (worn)
 W - quicksilver dragon scales (worn)
 Y - a +1 pair of boots of stealth (worn)
Jewellery
 n - the ring of the Salmon (left hand) {Ice rPois Str+2}
   (You acquired it on level 12 of the Dungeon)

   [ring of ice]

   It enhances your ice magic.
   Str:       It affects your strength (+2).
   rF:        It makes you vulnerable to fire.
   rC:        It protects you from cold.
   rPois:     It protects you from poison.
 r - a ring of poison resistance
 E - an amulet of regeneration (around neck)
 T - a ring of protection from fire (right hand)
Wands
 g - a wand of paralysis (29)
 h - a wand of mindburst (18)
 w - a wand of flame (48)
 x - a wand of iceblast (52)
 y - a wand of polymorph (14)
 N - a wand of charming (22)
 R - a wand of digging (8)
Scrolls
 f - 10 scrolls of teleportation
 i - 4 scrolls of blinking
 m - a scroll of holy word
 p - a scroll of immolation {unknown}
 q - 3 scrolls of magic mapping
 s - a scroll of vulnerability {unknown}
 u - 5 scrolls of fog
 A - 4 scrolls of enchant weapon
 D - a scroll of brand weapon {unknown}
 G - a scroll of torment {unknown}
 I - 2 scrolls of fear
 J - a scroll of summoning
 K - 2 scrolls of silence
Potions
 c - 6 potions of curing
 e - a potion of brilliance {unknown}
 j - 5 potions of invisibility
 k - 4 potions of ambrosia
 l - 2 potions of heal wounds
 v - a potion of resistance {unknown}
 z - 2 potions of might
 B - a potion of attraction {unknown}
 C - a potion of lignification
Miscellaneous
 a - a condenser vane
 H - a phial of floods
 L - a piece from Xom's chessboard (15/15)
 M - a box of beasts


   Skills:
 + Level 14.5 Fighting
 + Level 14.5 Axes
 + Level 14.3 Armour
 + Level 13.3 Dodging
 + Level 9.0 Shields
 + Level 10.4 Evocations


You had 14 spell levels left.
You didn't know any spells.
Your spell library was empty.

Dungeon Overview and Level Annotations

Branches:
Dungeon (15/15)            Temple (0/1) D:4            Lair (6/6) D:10
 Shoals (0/4) Lair:4        Snake (0/4) Lair:2        Slime (0/5) Lair:6
    Orc (0/2) D:9          Vaults (0/5) D:13          IceCv (visited)
Volcano (visited)         Gauntlet (visited)
 Depths: D:15

Altars:
Cheibriados
Vehumet
Jiyva

Shops:
D:8 !   D:10 **=(*   D:11 *

Annotations:
D:9 1 runed translucent door, Wyvernaa's ghost, novice MiFi
D:11 5 runed translucent doors
D:14 3 runed translucent doors, Tuicow's ghost, journeyman DECj


Innate Abilities, Weirdness & Mutations

You have a pair of horns on your head.
You reflexively headbutt those who attack you in melee.
You are clumsy. (Dex -2)


Message History

You closely miss something. Something hits you.
You barely miss something. Something hits you but does no damage.
You barely miss something.
You hear some strange, mumbled words.
You miss something. Your headbutt misses something.
You hear some strange, mumbled words.
A shard of ice appears from out of thin air!
The shard of ice hits you! You partially resist. Something hits you!
A red film seems to cover your vision as you go berserk!
You feel yourself moving faster!
You feel mighty! Something hits you. Something hits you but does no damage.
You barely miss something. Your headbutt misses something.
Something completely misses you.
You closely miss something. Your headbutt misses something. Something hits you.
You completely miss something. Something hits you.
Something hits you but does no damage.
You miss something. Your headbutt misses something.
You hear some strange, mumbled words.
A shard of ice appears from out of thin air!
The shard of ice hits you!! You partially resist.
You completely miss something. Your headbutt misses something.
Something hits you!
You miss something. Something hits you!
You are electrocuted!
* * * LOW HITPOINT WARNING * * *
Something hits you!
* * * LOW HITPOINT WARNING * * *
You are electrocuted!!
* * * LOW HITPOINT WARNING * * *
You completely miss something. Something hits you.
* * * LOW HITPOINT WARNING * * *
You miss something. Something hits you.
* * * LOW HITPOINT WARNING * * *
You slash something! Something hits you!
* * * LOW HITPOINT WARNING * * *
You hear some strange, mumbled words.
A shard of ice appears from out of thin air!
The shard of ice misses you.
You miss something. Something hits you but does no damage.
You are electrocuted!
You die...

......# ####.......#
....#.# #..'.......#
...#..# ##.#.......#####
..#...# ##+#.#.........#
.#....# #....#.........#
#.^...###....#.........#
.......##....#.........#
.#....####.#.#.........#
..##(..........)@).....#
..##..####.###.{.).....#
......####.# #.........#
.........#.# ###########
..#..#####.######
#.##(#####.#....#
#.##.......#....#
#.#........#....####
#.#........#....+..#


There were no monsters in sight!

Vanquished Creatures
  A red draconian (Volcano)
  A dire elephant (Lair:6)
  6 hydras
  A vault guard (D:13)
  A catoblepas (Lair:6)
  2 boulder beetles
  13 death yaks
  2 centaur warriors (D:13)
  10 two-headed ogres
  A salamander mystic (Volcano)
  A bog body (IceCv)
  2 lindwurms (Lair:6)
  10 ugly things
  A necromancer (IceCv)
  4 salamanders (Volcano)
  7 cyclopes
  3 manticores (Lair:6)
  3 deep elf pyromancers
  11 black mambas
  10 elephants
  A gargoyle (D:13)
  13 cane toads
  2 ice statues (IceCv)
  2 molten gargoyles (Volcano)
  3 torpor snails
  A yaktaur (D:14)
  6 rime drakes
  A kobold demonologist (D:11)
  7 ice devils (IceCv)
  An efreet (D:14)
  A freezing wraith (D:14)
  4 komodo dragons
  6 trolls
  4 anaconda simulacra (IceCv)
  A wolf spider simulacrum (Gauntlet)
  2 polar bears
  A hornet (D:8)
  A slime creature (D:13)
  Prince Ribbit (D:9)
  2 dream sheep (Lair:6)
  19 blink frogs
  3 centaur simulacra (Gauntlet)
  33 yaks
  A vampire (D:13)
  8 fire bats (Volcano)
  7 wyverns
  4 basilisks
  10 humans (D:13)
  A neqoxec (Gauntlet)
  A death yak simulacrum (IceCv)
  2 dire elephant simulacra (IceCv)
  11 vampire mosquitoes
  2 chaos spawn (Gauntlet)
  4 harpy simulacra (IceCv)
  3 wargs (D:9)
  Menkaure (D:7)
  An acid dragon (D:11)
  2 hell hounds (Lair:2)
  17 water moccasins
  A black bear (D:5)
  4 orc warriors
  2 necrophages
  23 wolves
  An ogre (D:6)
  3 centaurs
  6 kobold brigands
  6 scorpions
  A gnoll sergeant (D:9)
  6 bullfrogs
  A water moccasin skeleton (D:5)
  A hornet simulacrum (Gauntlet)
  10 killer bees
  4 wights (D:9)
  2 howler monkeys
  9 electric eels
  2 bullfrog zombies
  5 lava snakes
  2 centaur zombies
  7 orc priests
  6 hounds
  2 jellies
  A gnoll shaman (D:8)
  2 iguanas
  6 orc wizards
  A troll simulacrum (IceCv)
  A spriggan simulacrum (IceCv)
  A hound skeleton (D:4)
  6 adders
  7 gnolls
  2 howler monkey skeletons
  A shadow imp (D:7)
  A white imp (D:6)
  An ufetubus (IceCv)
  2 adder skeletons (D:4)
  6 worms
  10 dart slugs
  19 orcs
  5 endoplasms
  A giant cockroach (D:1)
  13 goblins
  3 hobgoblins
  13 jackals
  4 quokkas
  7 ball pythons
  5 bats
  8 frilled lizards
  21 kobolds
  2 rats
533 creatures vanquished.

Vanquished Creatures (collateral kills)
  A minotaur (Gauntlet)
  A hydra (D:12)
  A vampire mosquito (D:12)
3 creatures vanquished.

Vanquished Creatures (others)
  A human (D:13)
  A fire vortex (Lair:6)
  41 fungi
  36 plants
79 creatures vanquished.

Grand Total: 615 creatures vanquished

Notes
Turn   | Place    | Note
-------+----------+-------------------------------------------
     0 | D:1      | dtburroughs the Minotaur Berserker began the quest for the
                  | Orb.
     0 | D:1      | Reached XP level 1. HP: 19/19 MP: 0/0
   462 | D:1      | Reached XP level 2. HP: 25/27 MP: 1/1
  1060 | D:1      | Reached XP level 3. HP: 33/33 MP: 2/2
  2270 | D:2      | Found a faded altar of an unknown god.
  2404 | D:2      | Reached ** piety under Trog
  2636 | D:3      | Reached XP level 4. HP: 31/41 MP: 3/3
  3275 | D:3      | Noticed a scorpion
  3284 | D:3      | Killed a scorpion
  3285 | D:3      | Reached XP level 5. HP: 30/47 MP: 4/4
  3733 | D:4      | Reached skill level 5 in Fighting
  3733 | D:4      | Reached skill level 5 in Axes
  3815 | D:4      | Found a radiant altar of Vehumet.
  3893 | D:4      | Reached XP level 6. HP: 45/56 MP: 5/5
  4073 | D:4      | Reached *** piety under Trog
  4335 | D:4      | Found a staircase to the Ecumenical Temple.
  4976 | D:5      | Entered Level 5 of the Dungeon
  5595 | D:5      | Reached skill level 5 in Armour
  5609 | D:5      | Reached XP level 7. HP: 62/62 MP: 6/6
  6382 | D:6      | Reached skill level 5 in Dodging
  6582 | D:6      | Reached XP level 8. HP: 28/71 MP: 7/7
  7177 | D:7      | Noticed Menkaure
  7183 | D:7      | Killed Menkaure
  7237 | D:7      | Reached skill level 1 in Evocations
  7299 | D:7      | Noticed a troll
  7313 | D:7      | Killed a troll
  7803 | D:7      | Reached XP level 9. HP: 51/80 MP: 8/8
  9216 | D:8      | Reached **** piety under Trog
  9622 | D:8      | Found Hajy's Distillery.
 10172 | D:9      | Found a runed translucent door.
 10172 | D:9      | Noticed Wyvernaa's ghost (novice MiFi)
 11858 | D:9      | Noticed Prince Ribbit
 11880 | D:9      | Killed Prince Ribbit
 12189 | D:9      | Reached XP level 10. HP: 14/85 MP: 9/9
 13011 | D:9      | Found a staircase to the Orcish Mines.
 13664 | D:10     | Entered Level 10 of the Dungeon
 13837 | D:10     | Found Nikyosch's Jewellery Shoppe.
 14009 | D:10     | Found a staircase to the Lair.
 14122 | D:10     | Found Xeve's General Store.
 14123 | D:10     | Noticed a two-headed ogre
 14133 | D:10     | Killed a two-headed ogre
 14173 | D:10     | Found Mituad's Assorted Antiques.
 14186 | D:10     | Reached skill level 5 in Evocations
 14199 | D:10     | Bought a scroll of identify for 66 gold pieces
 14199 | D:10     | Bought a scroll of identify for 66 gold pieces
 14200 | D:10     | Identified 2 scrolls of acquirement
 14222 | D:10     | Found Yvupnyzeda's Weapon Boutique.
 14312 | D:10     | Found Ceothry's General Store.
 14956 | D:11     | Found the +9 staff of Olgreb {rPois∞}
 14964 | D:11     | Noticed a cyclops
 14983 | D:11     | Killed a cyclops
 14984 | D:11     | Reached skill level 10 in Fighting
 15000 | D:11     | Noticed a wolf spider
 15000 | D:11     | Noticed a wolf spider
 15001 | D:11     | Found a runed translucent gate.
 15001 | D:11     | Found a runed translucent gate.
 15002 | D:11     | Found a runed translucent door.
 15014 | D:11     | Found a runed translucent gate.
 15016 | D:11     | Noticed a black mamba
 15016 | D:11     | Noticed a black mamba
 15024 | D:11     | Found a runed translucent door.
 15033 | D:11     | Noticed a two-headed ogre
 15048 | D:11     | Killed a two-headed ogre
 15049 | D:11     | Reached skill level 10 in Axes
 15293 | D:11     | Reached XP level 11. HP: 83/99 MP: 10/10
 15294 | D:11     | Noticed a sun demon
 15348 | D:11     | Found a flickering gateway to a bazaar.
 15355 | Bazaar   | Entered a bazaar
 15361 | Bazaar   | Found Terywiw's General Store.
 15366 | Bazaar   | Found Badi's Magic Scroll Boutique.
 15387 | Bazaar   | Found Arphososs's Jewellery Emporium.
 15403 | Bazaar   | Found Rikhuh's Armour Emporium.
 15451 | Bazaar   | Bought a scroll of teleportation for 36 gold pieces
 15451 | Bazaar   | Bought a scroll of fear for 42 gold pieces
 15451 | Bazaar   | Bought a scroll of teleportation for 36 gold pieces
 15451 | Bazaar   | Bought a scroll of blinking for 90 gold pieces
 15457 | Bazaar   | Bought a scroll of teleportation for 24 gold pieces
 15457 | Bazaar   | Bought a scroll of summoning for 76 gold pieces
 15457 | Bazaar   | Bought a scroll of enchant armour for 60 gold pieces
 15607 | D:11     | Found Diynonin's Assorted Antiques.
 15782 | D:11     | Noticed a two-headed ogre
 15796 | D:11     | Killed a two-headed ogre
 15797 | D:11     | Reached skill level 10 in Armour
 16142 | D:12     | Acquired the ring of the Salmon {Ice rPois Str+2}
 16146 | D:12     | Acquired a scarf of resistance
 16415 | D:12     | Noticed a two-headed ogre
 16485 | D:12     | Killed a two-headed ogre
 16871 | D:12     | Noticed a boulder beetle
 16889 | D:12     | Killed a boulder beetle
 17045 | D:13     | Noticed a white ugly thing
 17053 | D:13     | Killed a white ugly thing
 17054 | D:13     | Reached skill level 10 in Dodging
 17219 | D:13     | Noticed a two-headed ogre
 17220 | D:13     | Noticed a deep elf pyromancer
 17226 | D:13     | Killed a two-headed ogre
 17230 | D:13     | Killed a deep elf pyromancer
 17336 | D:13     | Noticed a red ugly thing
 17338 | D:13     | Noticed a cyan ugly thing
 17354 | D:13     | Killed a red ugly thing
 17355 | D:13     | Reached XP level 12. HP: 52/110 MP: 11/11
 17606 | D:13     | Noticed a centaur warrior
 17607 | D:13     | Noticed a centaur warrior
 17626 | D:13     | Killed a centaur warrior
 17634 | D:13     | Killed a centaur warrior
 18023 | D:13     | Noticed an eight-headed hydra
 18033 | D:12     | Killed a nine-headed hydra
 18218 | D:13     | Noticed a vault guard
 18225 | D:13     | Killed a vault guard
 18298 | D:13     | Found a gate to the Vaults.
 18812 | D:14     | Reached skill level 1 in Shields
 18942 | D:14     | Noticed a four-headed hydra
 18982 | D:14     | Killed a seven-headed hydra
 19257 | D:14     | Found a snail-covered altar of Cheibriados.
 19365 | D:14     | Found a runed translucent gate.
 19365 | D:14     | Found a runed translucent gate.
 19365 | D:14     | Noticed Tuicow's ghost (journeyman DECj)
 19366 | D:14     | Found a runed translucent gate.
 19609 | Lair:1   | Entered Level 1 of the Lair of Beasts
 19763 | Lair:1   | Found a gate leading to a gauntlet.
 19773 | Gauntlet | Entered a Gauntlet
 19773 | Gauntlet | Found a transporter.
 19792 | Gauntlet | Found a transporter.
 19796 | Gauntlet | Found a transporter.
 19801 | Gauntlet | Found a transporter.
 19808 | Gauntlet | Found a transporter.
 19812 | Gauntlet | Found a transporter.
 19821 | Gauntlet | Found a transporter.
 19824 | Gauntlet | Found a transporter.
 19833 | Gauntlet | Found a transporter.
 19836 | Gauntlet | Found a transporter.
 19845 | Gauntlet | Found a transporter.
 19869 | Gauntlet | Found a transporter.
 19881 | Gauntlet | Found a transporter.
 19893 | Gauntlet | Found a transporter.
 20097 | Gauntlet | Gained mutation: You are clumsy. (Dex -2) [a neqoxec]
 20098 | Gauntlet | Reached XP level 13. HP: 119/119 MP: 12/12
 20201 | Gauntlet | Noticed a minotaur
 20208 | Gauntlet | Killed a minotaur
 21141 | Lair:2   | Found a dark tunnel.
 21156 | Volcano  | Entered a volcano
 21384 | Volcano  | Found a burning altar of Makhleb.
 21475 | Volcano  | Noticed a red draconian
 21492 | Volcano  | Killed a red draconian
 21753 | Lair:2   | Found a staircase to the Snake Pit.
 21806 | Lair:2   | Reached skill level 5 in Shields
 22309 | Lair:3   | Reached ***** piety under Trog
 22417 | Lair:3   | Found a frozen archway.
 22436 | IceCv    | Entered an ice cave
 22548 | IceCv    | Reached XP level 14. HP: 129/129 MP: 13/13
 22608 | IceCv    | Received a gift from Trog
 23776 | Lair:4   | Found a staircase to the Shoals.
 25535 | Lair:6   | Entered Level 6 of the Lair of Beasts
 26399 | Lair:5   | Reached skill level 10 in Evocations
 27131 | Lair:6   | Reached XP level 15. HP: 131/138 MP: 14/14
 27280 | Lair:6   | Received a gift from Trog
 27383 | Lair:6   | Identified the +9 trident "Globulus" {antimagic, rC+}
 27564 | Lair:6   | Found a viscous altar of Jiyva.
 27564 | Lair:6   | Found a staircase to the Slime Pits.
 27896 | D:15     | Entered Level 15 of the Dungeon
 28319 | D:14     | HP: 9/208 [something (15)]
 28320 | D:14     | Slain by a deep elf knight

Illustrated notes

Levels and vault maps discovered:
D:1:      erik_arrival_cave_to_civilisation [erik_arrival_cave_to_hall],
          layout_loops_ring
D:2:      layout_basic, ebering_ecumenical_altar_rust, minmay_tromino_v4_c
D:3:      layout_loops_cross, cheibrodos_sewer_entry_bend
D:4:      layout_layer_cave, mainiacjoe_overflow_brackets,
          minmay_temple_entry_offerings
D:5:      kennysheep_slugbush, layout_loops_ring
D:6:      layout_rooms
D:7:      layout_loops_ring, hangedman_decor_growths, uniq_menkaure
D:8:      layout_cave_pods, serial_shops,
          nicolae_shop_temple_entry_statues_fountains
D:9:      layout_basic, minmay_orc_entry_guard_dogs,
          hellmonk_ghost_happy_afterlife, uniq_prince_ribbit1
D:10:     layout_irregular_city, erik_lair_island, serial_shops, shop, shop,
          nicolae_shop_trees, shop, nicolae_shop_crystal
D:11:     layout_gridville, serial_shops, bzr_entry_islet, shop_statue,
          minmay_guarded_unrand_staff_of_olgreb
D:12:     layout_irregular_city
D:13:     layout_cave_pods, ximxim_vaults_locker_room, minmay_increasing_density
D:14:     layout_basic, gammafunk_ghost_spectres, hangedman_decor_opposing,
          slow_altar_2
D:15:     grunt_enter_depths_hoard, layout_long_grid,
          hangedman_abyss_or_decor_passed, serial_shops, shop
Lair:1:   layout_cave_shapes, gauntlet_entry_generic, grunt_megastairs_1
Lair:2:   layout_hall_layers, minmay_snake_entry_six_corridors, enter_volcano_3,
          grunt_megastairs_4
Lair:3:   statuecave_lemuel, layout_chaotic_city, portal_ice_cave_rime
Lair:4:   layout_roguey, elwin_shoals_entry_rocks, infiniplex_staircase_pool_2
Lair:5:   layout_regular_city
Lair:6:   hangedman_lair_in_review, layout_gridlike,
          dpeg_slime_entry_enclosed_altar, fungi_pond_lemuel

Skill      XL: |  1  2  3  4  5  6  7  8  9 10 11 12 13 14 15 |
---------------+----------------------------------------------+-----
Axes           | 4 5 6 7 8 10 11 12 13 14 | 14.5
Armour         | 3 4 5 6 7 8 9 11 12 13 14 | 14.3
Fighting       | 4 5 6 7 9 10 11 12 13 14 | 14.5
Dodging        | 3 4 5 6 7 9 10 11 12 13 | 13.3
Evocations     | 2 4 5 7 8 9 10 | 10.4
Shields        | 2 6 8 9 |  9.0

Action                   |  1- 3 |  4- 6 |  7- 9 | 10-12 | 13-15 || total
-------------------------+-------+-------+-------+-------+-------++-------
Melee: Hand axe          |   100 |   130 |     8 |       |       ||   238
       Headbutt          |    12 |    23 |    30 |    72 |   149 ||   286
       Battleaxe         |       |       |   231 |   344 |   688 ||  1263
       Executioner's axe |       |       |       |       |    82 ||    82
Invok: Trog's Hand       |       |     1 |     3 |     2 |     5 ||    11
       Berserk           |       |       |     6 |     8 |     5 ||    19
       Brothers in Arms  |       |       |       |     3 |     1 ||     4
Evoke: Wand              |       |       |       |       |     2 ||     2
  Use: Potion            |     1 |       |       |     2 |     1 ||     4
       Scroll            |       |       |     5 |     8 |    11 ||    24
 Stab: Sleeping          |     1 |       |       |       |     1 ||     2
       Paralysed         |       |       |       |       |     2 ||     2
Armor: Animal skin       |    14 |     5 |       |       |       ||    19
       Ring mail         |       |    38 |     6 |       |       ||    44
       Chain mail        |       |       |   132 |    36 |       ||   168
       Plate armour      |       |       |       |   274 |   129 ||   403
       Quicksilver drago |       |       |       |       |   401 ||   401
Dodge: Dodged            |    80 |    99 |   169 |   291 |   681 ||  1320
